 Dungeon Crawl Stone Soup version 0.31.0-9-g3a7656b989 (webtiles) character file.

Game seed: 7426491231640943573

20067 H0rd4k the Fighter (level 12, -2/100 HPs)
             Began as a Human Artificer on Jan 30, 2024.
             Was an Initiate of Gozag.
             Succumbed to a merfolk's poison
             ... on level 2 of the Lair of Beasts on Jan 31, 2024.
             The game lasted 00:35:59 (16761 turns).

H0rd4k the Fighter (Human Artificer)               Turns: 16761, Time: 00:35:59

Health: -2/100     AC: 17    Str: 13    XL:     12   Next: 75%
Magic:  24/24      EV: 11    Int: 17    God:    Gozag
Gold:   1378       SH:  0    Dex: 15    Spells: 20/27 levels left

rFire   . . .        j - +10 morningstar "Eos" {elec, Halo rElec}
rCold   + . .        (no shield)
rNeg    + . .        f - +2 leather armour of Ylla {rN+ rCorr}
rPois   .            c - +3 crown of Dyrovepreva {rElec Int+2 SInv}
rElec   +            l - scarf {repulsion}
rCorr   +            B - +0 pair of gloves
SInv    +            h - +3 pair of mountain boots {steadfast, rC+}
Will    .....        d - amulet of regeneration
Stlth   +            s - +4 ring of slaying
HPRegen 1.16/turn    g - +4 ring of protection
MPRegen 0.19/turn

%: repel missiles
@: lethally poisoned (-2 -> -24), glowing
A: explore regen
a: Renounce Religion, Potion Petition, Call Merchant, Bribe Branch


You were on level 2 of the Lair of Beasts.
You worshipped Gozag.
Gozag was most pleased with you.
You visited 3 branches of the dungeon, and saw 15 of its levels.
You also visited: Bailey.

You collected 3505 gold pieces.
You spent 726 gold pieces at shops.
You paid 1401 gold pieces to Gozag.

Inventory:

Hand Weapons
 b - a +1 short sword of freezing
 j - the +10 morningstar "Eos" (weapon) {elec, Halo rElec}
   (You found it on level 10 of the Dungeon)

   Halo:      It grants its wielder a halo, revealing invisible creatures and
   increasing accuracy against all within it other than the wielder.
   rElec:     It insulates you from electricity.
 w - a +2 vampiric whip
 y - a +0 flail of holy wrath
 E - the +5 sling of Zanevo {heavy, Dex+3}
   (You bought it in a shop on level 11 of the Dungeon)

   Dex+3:     It affects your dexterity (+3).
Missiles
 i - 25 poisoned darts (quivered)
 I - 3 atropa-tipped darts
Armour
 c - the +3 crown of Dyrovepreva (worn) {rElec Int+2 SInv}
   (You bought it in a shop on level 9 of the Dungeon)

   Int+2:     It affects your intelligence (+2).
   rElec:     It insulates you from electricity.
   SInv:      It lets you see invisible.
 f - the +2 leather armour of Ylla (worn) {rN+ rCorr}
   (You found it on level 9 of the Dungeon)

   rN+:       It protects you from negative energy.
   rCorr:     It protects you from acid and corrosion.
 h - the +3 pair of mountain boots (worn) {steadfast, rC+}
   (You found it on level 10 of the Dungeon)

   Steadfast: It prevents involuntary movement, except for blinking,
   teleportation, or banishment.
   rC+:       It protects you from cold.
 l - a scarf of repulsion (worn)
 u - a +2 pair of boots of flying
 B - a +0 pair of gloves (worn)
Magical Staves
 x - a staff of cold
 z - a staff of fire
Jewellery
 d - an amulet of regeneration (around neck)
 g - a +4 ring of protection (right hand)
 k - a ring of flight
 m - a +5 ring of evasion
 s - a +4 ring of slaying (left hand)
 H - a ring of positive energy
Talismans
 A - a maw talisman
 F - a maw talisman
Scrolls
 a - a scroll of teleportation
 p - 2 scrolls of identify
 q - 3 scrolls of enchant weapon
 r - a scroll of poison
 t - 2 scrolls of revelation
 v - 3 scrolls of brand weapon
 D - 5 scrolls of fog
Potions
 e - a potion of brilliance
 n - a potion of attraction
 o - 3 potions of enlightenment
 C - a potion of curing
 G - a potion of berserk rage
 K - 2 potions of cancellation {unknown}


   Skills:
 - Level 11.1 Fighting
 + Level 9.2 Maces & Flails
 * Level 3.3 Ranged Weapons
 - Level 3.9 Throwing
 - Level 2.0 Armour
 - Level 1.0 Dodging
 + Level 5.7 Stealth
 * Level 8.2 Spellcasting
 * Level 6.0 Hexes
 + Level 6.2 Evocations
 + Level 4.3 Shapeshifting


You had 20 spell levels left.
You knew the following spells:

 Your Spells              Type           Power      Damage    Failure   Level
a - Sigil of Binding      Hex            27%        N/A       3%          3
b - Dimensional Bullseye  Hex/Tloc       8%         N/A       36%         4

Your spell library contained the following spells:

 Spells                   Type           Power      Damage    Failure   Level
 Call Canine Familiar     Summ           6%         N/A       36%         3


Dungeon Overview and Level Annotations

Branches:
Dungeon (12/15)            Temple (1/1) D:5            Lair (2/5) D:11
 Shoals (0/4) Lair:2          Orc (0/2) D:9          Bailey (visited)
  Snake: Lair:2-3    Spider: Lair:2-3

Altars:
Ashenzari
Cheibriados
Dithmenos
Elyvilon
Fedhas
Gozag
Hepliaklqana
Kikubaaqudgha
Makhleb
Nemelex Xobeh
Okawaru
Qazlal
Ru
Sif Muna
Trog
Uskayaw
Vehumet
Wu Jian
Xom
Yredelemnul
Zin
The Shining One

Shops:
D:1 [   D:9 [   D:11 [(

Annotations:
D:3 exclusion: downstairs
D:7 exclusion: downstairs
D:8 exclusion: 2 downstairs
D:10 6 runed translucent doors, exclusion: 3 doors
D:11 exclusion: downstairs
D:12 Nessos


Innate Abilities, Weirdness & Mutations

You regain HP and MP as you explore.


Message History

You are more poisoned.
You feel extremely sick. The komodo dragon bites you!
* * * LOW HITPOINT WARNING * * *
The merfolk hits you but does no damage.
* * * LOW HITPOINT WARNING * * *
You feel extremely sick. The komodo dragon misses you.
Okay, then.
You feel better. The komodo dragon closely misses you. The merfolk misses you.
As you read the scroll of teleportation, it crumbles to dust.
You feel strangely unstable.
The komodo dragon bites you but does no damage.
The merfolk is distracted by your dazzling golden aura.
You puncture the komodo dragon!
The komodo dragon is moderately wounded.
The komodo dragon bites you.
* * * LOW HITPOINT WARNING * * *
You impale the komodo dragon!! You punch the komodo dragon.
The komodo dragon is almost dead.
Your surroundings suddenly seem different.
The merfolk hits you but does no damage.
You puncture the merfolk!
The merfolk is moderately wounded.
The merfolk completely misses you.
You bludgeon the merfolk!!
The merfolk is heavily wounded.
The merfolk hits you with a +1 trident of venom!
* * * LOW HITPOINT WARNING * * *
You are poisoned.
You barely miss the merfolk.
The merfolk is heavily wounded.
You feel very sick.
The merfolk hits you with a +1 trident of venom!
* * * LOW HITPOINT WARNING * * *
You are lethally poisoned!
You bludgeon the merfolk!!
The merfolk is almost dead.
You die...
Your body crumbles into a pile of gold.

.~ #.#~ #..# #.>~
##..### #.#~## .....#
#.~~####...# ..
#..~##.#..# ...
#.~.#l...#######...
#m@~#....##.#P#...
...###$$..l.......###
.....................##
......................#
.......................
.#....#.#..............
#.#..####...###.....#.
+........#...# ###.#.##
## ##.......#...#
##..###P


You could see a merfolk and a komodo dragon.

Vanquished Creatures
  The ghost of confidenceinterval the Grappler, a journeyman TrSh of Okawaru (Lair:1)
  A catoblepas (Lair:1)
  A boulder beetle (D:12)
  3 two-headed ogres
  A phantasmal warrior (D:12)
  A cyclops (D:10)
  A merfolk siren (Lair:2)
  A black mamba (Lair:1)
  4 cane toads (Lair:1)
  An unseen horror (D:11)
  A rime drake (Lair:1)
  A komodo dragon (Lair:1)
  2 merfolk (Lair:2)
  2 trolls (D:11)
  A hornet (D:10)
  3 blink frogs (Lair:1)
  Sigmund (D:4)
  A culicivora (Lair:2)
  A vampire (D:9)
  2 wraiths
  18 yaks
  2 humans (D:10)
  A wyvern (D:8)
  6 vampire mosquitoes
  3 redbacks (D:10)
  Menkaure (D:4)
  3 acid dragons
  Edmund (D:4)
  4 water moccasins
  A sky beast (D:7)
  10 orc warriors
  2 ice beasts (D:7)
  2 black bears
  2 wolves (D:11)
  An ogre (D:5)
  2 centaurs
  A phantom (D:5)
  2 kobold brigands
  Blork the orc (D:5)
  A gnoll sergeant (D:11)
  7 bullfrogs
  2 scorpions
  8 wights
  18 killer bees
  A howler monkey (D:6)
  3 electric eels
  2 lava snakes
  Crazy Yiuf (D:4)
  3 jellies
  A bombardier beetle (D:6)
  3 orc priests
  A gnoll bouda (D:4)
  6 hounds
  Jessica (D:3)
  5 iguanas
  12 orc wizards
  12 gnolls
  7 adders
  2 shadow imps
  4 ufetubi
  A dart slug (D:2)
  2 ribbon worms (D:2)
  49 orcs
  3 bats
  5 endoplasms
  2 giant cockroaches
  7 goblins
  10 hobgoblins
  21 kobolds
  A quokka (D:5)
  6 ball pythons
  12 frilled lizards
  4 rats
316 creatures vanquished.

Vanquished Creatures (collateral kills)
  A vampire mosquito (D:10)
  4 gnolls (D:4)
  A kobold (D:3)
6 creatures vanquished.

Vanquished Creatures (others)
  A centaur warrior (D:10)
  A two-headed ogre (D:10)
  A centaur (D:7)
  2 killer bees (D:7)
  A jelly (D:7)
  A gnoll (D:5)
7 creatures vanquished.

Grand Total: 329 creatures vanquished

Notes
Turn   | Place    | Note
-------+----------+-------------------------------------------
     0 | D:1      | H0rd4k the Human Artificer began the quest for the Orb.
     0 | D:1      | Reached XP level 1. HP: 15/15 MP: 1/1
    91 | D:1      | Found Liaxkeh's Armour Shoppe.
   255 | D:1      | Reached skill level 2 in Fighting
   255 | D:1      | Reached XP level 2. HP: 15/22 MP: 2/2
   379 | D:1      | Found a faded altar of an unknown god.
   421 | D:1      | Reached XP level 3. HP: 23/28 MP: 3/3
   559 | D:1      | Reached skill level 3 in Fighting
  1165 | D:2      | Reached XP level 4. HP: 36/37 MP: 4/4
  1646 | D:3      | Noticed Jessica
  1649 | D:3      | Killed Jessica
  1650 | D:3      | Reached skill level 4 in Fighting
  1654 | D:3      | Found a radiant altar of Vehumet.
  1838 | D:3      | Found a sparkling altar of Nemelex Xobeh.
  2087 | D:3      | Reached XP level 5. HP: 43/43 MP: 5/5
  2209 | D:4      | Reached skill level 5 in Fighting
  2209 | D:4      | Reached XP level 6. HP: 52/52 MP: 6/6
  2396 | D:3      | Reached skill level 6 in Fighting
  2643 | D:4      | Noticed Menkaure
  2647 | D:4      | Killed Menkaure
  2705 | D:4      | Noticed Edmund
  2840 | D:4      | Killed Edmund
  2841 | D:4      | Reached skill level 7 in Fighting
  2841 | D:4      | Reached XP level 7. HP: 60/60 MP: 7/7
  2891 | D:4      | Noticed Sigmund
  2893 | D:4      | Killed Sigmund
  2894 | D:4      | Reached skill level 8 in Fighting
  2919 | D:4      | Found a runed translucent door.
  2920 | D:4      | Noticed Crazy Yiuf
  3412 | D:5      | Entered Level 5 of the Dungeon
  3521 | D:5      | Reached XP level 8. HP: 70/70 MP: 8/8
  3540 | D:5      | Reached skill level 9 in Fighting
  3922 | D:5      | Found a glowing silver altar of Zin.
  3923 | D:5      | Found a burning altar of Makhleb.
  3924 | D:5      | Found a shadowy altar of Dithmenos.
  3925 | D:5      | Found a stormy altar of Qazlal.
  4249 | D:5      | Found a staircase to the Ecumenical Temple.
  4362 | D:5      | Noticed Blork the orc
  4418 | Temple   | Entered the Ecumenical Temple
  4528 | D:5      | Killed Blork the orc
  4532 | D:5      | Found a shimmering blue altar of Sif Muna.
  4744 | D:6      | Reached skill level 10 in Fighting
  4838 | D:6      | Found an opulent altar of Gozag.
  4863 | D:6      | Became a worshipper of Gozag Ym Sagoz the Greedy
  4905 | D:6      | Found a basalt altar of Yredelemnul.
  5085 | D:6      | Reached skill level 11 in Fighting
  5128 | D:6      | Reached XP level 9. HP: 57/81 MP: 9/9
  5707 | D:7      | Reached skill level 1 in Spellcasting
  6468 | D:7      | Found a blossoming altar of Fedhas.
  7475 | D:7      | Reached skill level 5 in Evocations
  8007 | D:8      | Reached skill level 1 in Maces & Flails
  8448 | D:8      | Found a hide-covered altar of Uskayaw.
  8604 | D:9      | Found a shimmering altar of Xom.
  8610 | D:9      | Found a white marble altar of Elyvilon.
  8672 | D:9      | Found Koidod's Armour Boutique.
  8693 | D:9      | Reached XP level 10. HP: 83/87 MP: 17/17
  8702 | D:9      | Bought the +3 crown of Dyrovepreva {rElec Int+2 SInv} for
                  | 538 gold pieces
  8702 | D:9      | Found the +3 crown of Dyrovepreva {rElec Int+2 SInv}
  8774 | D:9      | Found a flagged portal.
  8908 | Bailey   | Entered a bailey
  9488 | Bailey   | Reached skill level 5 in Spellcasting
 10319 | D:9      | Noticed a two-headed ogre
 10330 | D:9      | Identified the +2 leather armour of Ylla {rN+ rCorr}
 10413 | D:8      | Reached skill level 1 in Throwing
 10457 | D:9      | Reached skill level 5 in Maces & Flails
 10574 | D:9      | Found a staircase to the Orcish Mines.
 11129 | D:9      | Found an ornate altar of the Wu Jian Council.
 11477 | D:9      | Killed a two-headed ogre
 11720 | D:9      | Found a hazy altar of Hepliaklqana.
 11755 | D:9      | Learned a level 3 spell: Sigil of Binding
 12321 | D:10     | Entered Level 10 of the Dungeon
 12561 | D:10     | Reached skill level 1 in Hexes
 12561 | D:10     | Reached skill level 1 in Shapeshifting
 12564 | D:10     | Noticed a centaur warrior
 12568 | D:10     | Noticed a two-headed ogre
 12590 | D:10     | Killed a two-headed ogre
 12591 | D:10     | Reached XP level 11. HP: 57/93 MP: 20/20
 12636 | D:10     | Found the +3 pair of mountain boots {steadfast, rC+}
 12639 | D:10     | Noticed a cyclops
 12665 | D:10     | Noticed a two-headed ogre
 12692 | D:10     | Killed a cyclops
 12865 | D:10     | Paralysed by a hornet for 1 turns
 12872 | D:10     | Paralysed by a hornet for 1 turns
 12876 | D:10     | Paralysed by a hornet for 1 turns
 12880 | D:10     | Paralysed by a hornet for 2 turns
 12883 | D:10     | Paralysed by a hornet for 1 turns
 12883 | D:10     | HP: 4/93 [hornet (4)]
 12900 | D:10     | Found an iron altar of Okawaru.
 12989 | D:10     | Noticed a two-headed ogre
 13004 | D:10     | Killed a two-headed ogre
 13278 | D:10     | Found a runed translucent door.
 13278 | D:10     | Found the +10 morningstar "Eos" {elec, Halo rElec}
 13379 | D:10     | Reached skill level 5 in Stealth
 13833 | D:10     | Found a runed translucent gate.
 13879 | D:10     | Found a runed translucent gate.
 13879 | D:10     | Found a runed translucent gate.
 13879 | D:10     | Found a runed translucent gate.
 13879 | D:10     | Found a runed translucent gate.
 13879 | D:10     | Noticed a boulder beetle
 13882 | D:10     | Found a runed translucent gate.
 13882 | D:10     | Noticed a lindwurm
 13990 | D:11     | Found a staircase to the Lair.
 14751 | D:11     | Reached skill level 5 in Hexes
 15012 | D:11     | Bought a glimmering sling for 188 gold pieces
 15012 | D:11     | Identified the +5 sling of Zanevo {heavy, Dex+3} (You
                  | bought it in a shop on level 11 of the Dungeon)
 15018 | D:11     | Learned a level 4 spell: Dimensional Bullseye
 15231 | D:4      | Killed Crazy Yiuf
 15432 | D:12     | Noticed a boulder beetle
 15445 | D:12     | Killed a boulder beetle
 15446 | D:12     | Reached XP level 12. HP: 95/100 MP: 23/23
 15470 | D:12     | Noticed a death knight
 15477 | D:12     | Reached skill level 1 in Ranged Weapons
 15491 | D:12     | Noticed a boulder beetle
 15504 | D:12     | Noticed Nessos
 15515 | D:12     | HP: 4/100 [troll (11)]
 15601 | Lair:1   | Entered Level 1 of the Lair of Beasts
 15601 | Lair:1   | Noticed confidenceinterval's ghost (journeyman TrSh)
 15601 | Lair:1   | Found a runed translucent door.
 15683 | Lair:1   | Noticed a catoblepas
 15692 | Lair:1   | Killed a catoblepas
 16526 | Lair:1   | Killed confidenceinterval's ghost
 16732 | Lair:2   | Found a staircase to the Shoals.
 16760 | Lair:2   | HP: 5/100 [merfolk/+1 trident of venom (8)]
 16761 | Lair:2   | Succumbed to a merfolk's poison

Illustrated notes

Levels and vault maps discovered:
D:1:      minmay_arrival_three_doors, layout_rooms, serial_shops,
          nicolae_shop_tiny_glass, hellmonk_ecumenical_altar_arch_garden,
          serial_bayou, serial_bayou_pond_b, serial_bayou_pond_a,
          serial_bayou_crossing, serial_bayou_pond_b, serial_bayou_lagoon_a,
          minmay_door_square, minmay_lizard_king
D:2:      layout_basic
D:3:      layout_rooms, nemelex_spade_bored_becter, vehumet_altar_wand_db,
          uniq_jessica
D:4:      layout_loops_ring, uniq_menkaure, uniq_edmund,
          uniq_crazy_yiuf_cottage, uniq_sigmund
D:5:      layout_loops_ring, mainiacjoe_overflow_alcove_3, tgw_sif,
          temple_green, hangedman_decor_growths
D:6:      layout_gridville, mainiacjoe_overflow_six_doors_small,
          mainiacjoe_overflow_cross_hatched
D:7:      cheibrodos_helix_gallery, layout_basic, nicolae_overflow_crystal_walls
D:8:      layout_gridville, nicolae_uskayaw_suspiria
D:9:      layout_irregular_city, old_standard_altar, grunt_temple_overflow_open,
          worldfamousw_hep_ancestral_shrine, hiddenorc2_lemuel, serial_shops,
          nicolae_lakefront_shop, enter_bailey_8, kennysheep_decorative_pillar
D:10:     gammafunk_indiana_jones, layout_loops_ring, okawaru_humans,
          minmay_misc_feat_four_crosses, minmay_checkerbox
D:11:     layout_stronghold, erik_lair_island
D:12:     layout_rooms, kiku_gazebo_garden_becter, uniq_nessos
Temple:   hellmonk_temple_rainy
Lair:1:   layout_chaotic_city, hellmonk_ghost_happy_afterlife,
          beast_lair_carwin_11
Lair:2:   layout_regular_city, elwin_shoals_entry_stream,
          hellmonk_spider_entry_life_and_decay, serial_bayou_shore_a

Skill      XL: |  1  2  3  4  5  6  7  8  9 10 11 12 |
---------------+-------------------------------------+-----
Fighting       | 2 3 4 5 7 8 11 | 11.1
Spellcasting   | 4 6 7 8 |  8.2
Evocations     | 5 6 |  6.2
Stealth        | 2 3 5 |  5.7
Maces & Flails | 2 5 6 9 |  9.2
Throwing       | 3 |  3.9
Hexes          | 2 5 6 |  6.0
Shapeshifting  | 2 4 |  4.3
Ranged Weapons | 3 |  3.3
Armour         | |  2.0
Dodging        | |  1.0

Action                     |  1- 3 |  4- 6 |  7- 9 | 10-12 || total
---------------------------+-------+-------+-------+-------++-------
  Melee: Club              |    24 |       |       |       ||    24
         Flail             |    95 |    91 |    18 |    69 ||   273
         Punch             |       |     1 |     5 |    23 ||    29
         Whip              |       |     6 |   575 |   825 ||  1406
         Morningstar       |       |       |       |   219 ||   219
  Throw: Dart              |       |       |       |    66 ||    66
   Cast: Sigil of Binding  |       |       |       |     6 ||     6
 Invoke: Call Merchant     |       |       |       |     2 ||     2
  Evoke: Wand              |    12 |    24 |    58 |     2 ||    96
    Use: Scroll            |       |       |    12 |     9 ||    21
         Potion            |       |       |     3 |    10 ||    13
   Stab: Sleeping          |       |       |     1 |     3 ||     4
         Distracted        |       |       |       |     1 ||     1
 Armour: Leather armour    |    83 |    66 |   422 |   568 ||  1139
         Chain mail        |       |       |       |   216 ||   216
  Dodge: Dodged            |    67 |    95 |   711 |   576 ||  1449
         Repelled          |       |       |     2 |     2 ||     4
